 Dungeon Crawl Stone Soup version 0.24.0-13-gcf9b3192b9 (webtiles) character file.

Game seed: 15821034896307152020, levelgen mode: deterministic

114 Dwingvatt99 the Grasshopper (level 4, 0/35 HPs)
             Began as a Barachi Warper on Nov 7, 2019.
             Slain by an orc wizard
             ... wielding a +1 dagger of venom
              (3 damage)
             ... on level 3 of the Dungeon.
             The game lasted 00:05:04 (2980 turns).

Dwingvatt99 the Grasshopper (Barachi Warper)        Turns: 2980, Time: 00:05:04

Health: 0/35       AC:  6    Str: 13    XL:     4   Next: 98%
Magic:  8/8        EV: 15    Int: 14    God:
Gold:   46         SH:  0    Dex: 16    Spells: 8/8 levels left

rFire    + . .     SeeInvis .   a - +0 mace
rCold    + . .     Gourm    .   (no shield)
rNeg     . . .     Faith    .   k - +0 scale mail
rPois    +         Spirit   .   (no helmet)
rElec    +         Reflect  .   (no cloak)
rCorr    +         Harm     .   (no gloves)
MR       .....                  (no boots)
Stlth    +.........             (no amulet)
HPRegen  0.11/turn              (no ring)
MPRegen  0.11/turn              (no ring)

@: agile, lethally poisoned (0 -> -13), resistant, slow
A: +LOS, swims, slowness 1, strong legs 1
a: Hop


You were on level 3 of the Dungeon.
You were hungry.

You visited 1 branch of the dungeon, and saw 3 of its levels.

You collected 46 gold pieces.

Inventory:

Hand Weapons
 a - a +0 mace (weapon)
Missiles
 f - 5 boomerangs of dispersal (quivered) {!f!f}
Armour
 k - a +0 scale mail (worn)
   (You found it on level 2 of the Dungeon)
Scrolls
 c - a scroll of magic mapping {unknown}
 d - a scroll of blinking
 g - 4 scrolls of identify {unknown}
 j - a scroll of amnesia {unknown}
 m - a scroll of fear {unknown}
Comestibles
 b - 2 chunks of flesh
 e - 7 rations {!d!d}


   Skills:
 + Level 3.1 Fighting
 + Level 2.9 Maces & Flails
 + Level 2.1 Throwing
 + Level 2.3 Armour
 + Level 3.0 Dodging
 + Level 2.8 Spellcasting
   Level 3.2 Translocations


You had 8 spell levels left.
You didn't know any spells.
Your spell library contained the following spells:

 Spells                   Type           Power        Failure   Level  Hunger
 Blink                    Tloc           N/A          36%         2    ###....
 Shroud of Golubria       Chrm/Tloc      #.....       61%         2    ###....
 Gell's Gravitas          Tloc           ##........   61%         3    ###....
 Lesser Beckoning         Tloc           ##........   61%         3    ###....
 Teleport Other           Tloc           ##......     61%         3    ###....
 Magic Dart               Conj           #...         71%         1    #......
 Call Imp                 Summ           #.......     83%         2    ###....
 Slow                     Hex            #.......     83%         2    ###....
 Passage of Golubria      Tloc           N/A          95%         4    #####..
 Conjure Flame            Conj/Fire      #.......     97%         3    ###....
 Mephitic Cloud           Conj/Pois/Air  #.......     97%         3    ###....


Dungeon Overview and Level Annotations

Branches:
Dungeon (3/15)

Altars:


Innate Abilities, Weirdness & Mutations

Shadows flee at your approach. (+LOS)
You can swim through water.
You cover ground slowly.
You can hop short distances.


Message History

You feel agile all of a sudden.
* * * LOW HITPOINT WARNING * * *
You feel very sick.
It was a potion of resistance.
You feel protected.
* * * LOW HITPOINT WARNING * * *
You feel very sick.
It was a potion of ambrosia.
You are confused.
You feel invigorated.
* * * LOW HITPOINT WARNING * * *
You feel very sick.
* * * LOW HITPOINT WARNING * * *
You feel sick.
* * * LOW HITPOINT WARNING * * *
You feel sick.
The orc wizard gestures wildly while chanting.
The orc wizard seems to speed up.
* * * LOW HITPOINT WARNING * * *
You feel sick.
The orc wizard gestures at you while chanting.
The magic dart hits you!
* * * LOW HITPOINT WARNING * * *
* * * LOW HITPOINT WARNING * * *
You feel sick.
* * * LOW HITPOINT WARNING * * *
You feel sick.
The orc wizard points at you and mumbles some strange words.
The puff of frost hits you. You resist.
* * * LOW HITPOINT WARNING * * *
* * * LOW HITPOINT WARNING * * *
You feel sick.
* * * LOW HITPOINT WARNING * * *
You feel sick.
You feel less invigorated.
You feel less confused.
* * * LOW HITPOINT WARNING * * *
You feel sick.
* * * LOW HITPOINT WARNING * * *
You feel sick.
The orc wizard casts a cantrip, but nothing happens.
* * * LOW HITPOINT WARNING * * *
You feel sick.
You aren't carrying any potions.
* * * LOW HITPOINT WARNING * * *
You feel sick.
The orc wizard hits you with a +1 dagger of venom.
* * * LOW HITPOINT WARNING * * *
The orc wizard hits you with a +1 dagger of venom.
You die...

######### ###...###
##.....#..##.......##
#........##.........##
.........#....≈≈≈....#
........##...≈≈≈≈≈...##
........#...≈≈...≈≈...#
........#...≈≈.>.≈≈...#
.......÷#...≈≈..o≈≈...#
......<.##...≈≈≈@≈...#
.........#....≈≈≈....#
.........##.........##
#....#..####.......##
.#.....### ###...###
[........#####...#
....#.....##.#...#
#..#####..>..##.## #.#
##.......#


You could see an orc wizard.

Vanquished Creatures
  A gnoll (D:1)
  4 adders
  2 worms (D:2)
  A dart slug (D:1)
  A leopard gecko (D:2)
  4 giant cockroaches (D:2)
  6 goblins
  9 hobgoblins
  9 jackals
  8 kobolds
  2 quokkas
  3 bats
  A frilled lizard (D:2)
  2 rats (D:1)
53 creatures vanquished.

Notes
Turn   | Place    | Note
-------+----------+-------------------------------------------
     0 | D:1      | Dwingvatt99 the Barachi Warper began the quest for the Orb.
     0 | D:1      | Reached XP level 1. HP: 17/17 MP: 3/3
   452 | D:1      | Reached XP level 2. HP: 13/23 MP: 5/5
  1122 | D:1      | Reached XP level 3. HP: 28/28 MP: 6/6
  1775 | D:2      | Found a faded altar of an unknown god.
  1976 | D:2      | Reached XP level 4. HP: 32/35 MP: 7/7
  2980 | D:3      | Slain by an orc wizard

Levels and vault maps discovered:
D:1:      dpeg_arrival_water_fire, layout_loops_ring
D:2:      layout_basic, chequers_ecumenical_altar_simple, chequers_arboretum
D:3:      layout_rooms, lemuel_round_altar, marbit_many_paths, tgw_sif,
          chequers_temple_overflow_minitemple, minmay_stone_trees_small,
          serial_bayou_lake_a, uniq_ijyb, uniq_robin, uniq_sigmund

Skill      XL: |  1  2  3  4 |
---------------+-------------+-----
Fighting       | 3 |  3.1
Armour         | 2 |  2.3
Dodging        | 3 |  3.0
Throwing       | 2 |  2.1
Maces & Flails | |  2.9
Spellcasting   | |  2.8
Translocations | |  3.2

Action                   |  1- 3 |  4- 6 || total
-------------------------+-------+-------++-------
Melee: Mace              |   113 |    97 ||   210
 Abil: Hop               |     1 |       ||     1
  Use: Potion            |       |     3 ||     3
  Eat: Chunk             |     4 |     3 ||     7
Armor: Leather armour    |    16 |       ||    16
       Scale mail        |    18 |    51 ||    69
Dodge: Dodged            |    94 |    61 ||   155
